 Dungeon Crawl Stone Soup version 0.19.5 (webtiles) character file.

4216 tof the Slinger (level 10, -2/88 HPs)
             Began as a Minotaur Monk on Mar 1, 2017.
             Was a Priest of Ru.
             Slain by a black mamba (7 damage)
             ... on level 1 of the Lair of Beasts.
             The game lasted 00:28:52 (8213 turns).

tof the Slinger (Minotaur Monk)                     Turns: 8213, Time: 00:28:52

Health: -2/88      AC: 14    Str: 15    XL:     10   Next: 9%
Magic:  9/9        EV: 13    Int:  7    God:    Ru [***...]
Gold:   258        SH:  0    Dex: 22    Spells: 0 memorised, 9 levels left

rFire  . . .     SeeInvis .     a - +6 whip (flame)
rCold  + . .     Gourm    .     q - +0 scale mail
rNeg   . . .     Faith    +     (no shield)
rPois  +         Spirit   .     (helmet restricted)
rElec  .         Reflect  .     u - +0 cloak {rPois}
rCorr  .         Harm     .     f - +2 pair of gloves
MR     .....                    I - +0 pair of boots
Stlth  +.........               i - amulet of faith
                                B - +5 ring of dexterity
                                K - ring of protection from cold

@: lethally poisoned (-2 -> -4), exhausted, drained
A: retaliatory headbutt, horns 2, inability to use devices, disrupted magic 1
a: Draw Out Power, Renounce Religion


You were on level 1 of the Lair of Beasts.
You worshipped Ru.
Ru was most pleased with you.
You were not hungry.

You visited 2 branches of the dungeon, and saw 9 of its levels.

You collected 406 gold pieces.
You spent 148 gold pieces at shops.

Inventory:

Hand Weapons
 a - a +6 whip of flaming (weapon)
 b - a +0 hunting sling
 M - a +2 morningstar of protection
Missiles
 d - 367 stones (quivered)
 h - 75 sling bullets
Armour
 f - a +2 pair of gloves (worn)
 q - a +0 scale mail (worn)
 u - a +0 cloak of poison resistance (worn)
 I - a +0 pair of boots (worn)
Jewellery
 i - an amulet of faith (around neck)
 j - an uncursed ring of ice
 v - an uncursed ring of positive energy
 y - an uncursed amulet of rage
 B - a +5 ring of dexterity (right hand)
 D - an uncursed ring of resist corrosion
 F - an uncursed ring of positive energy
 K - a ring of protection from cold (left hand)
 L - an uncursed ring of protection from cold
Scrolls
 m - a scroll of blinking
 o - a scroll of amnesia
 w - 3 scrolls of identify
 A - 5 scrolls of teleportation
 N - a scroll of remove curse
Potions
 e - a potion of heal wounds {unknown}
 g - a potion of ambrosia {unknown}
 l - 8 potions of curing {unknown}
 n - 2 potions of lignification {unknown}
 p - a potion of mutation {unknown}
 r - 4 potions of berserk rage {unknown}
 s - 5 potions of might {unknown}
 x - a potion of degeneration {unknown}
 z - 3 potions of magic {unknown}
 C - a potion of flight {unknown}
 G - a potion of haste {unknown}
 H - a potion of resistance {unknown}
Comestibles
 c - 5 bread rations
 k - 5 meat rations
 J - 16 fruits


   Skills:
 + Level 8.1(7.8) Fighting
 + Level 8.1(7.8) Maces & Flails
 + Level 9.0(8.7) Slings
 + Level 8.2(7.9) Armour
 + Level 5.5(5.2) Dodging
 - Level 2.9(2.7) Stealth


You had 9 spell levels left.
You didn't know any spells.

Dungeon Overview and Level Annotations

Branches:
Dungeon (8/15)             Temple (0/1) D:5            Lair (1/6) D:8

Altars:
Cheibriados
Gozag
Qazlal
Ru
Trog

Shops:
D:4 (   D:6 =


Innate Abilities, Weirdness & Mutations

You reflexively headbutt those who attack you in melee.
You have a pair of horns on your head.
You cannot study or use magical devices.
Your casting is slightly disrupted.


Message History

The yak gores you but does no damage.
You hit the yak. You burn the yak. You headbutt the yak, but do no damage.
The yak is heavily wounded.
You feel sick. The yak gores you.
* * * LOW HITPOINT WARNING * * *
You hit the yak. You burn the yak. Your headbutt misses the yak.
The yak is severely wounded.
You feel sick. The yak gores you but does no damage.
You hit the yak. You burn the yak. You headbutt the yak.
You kill the yak!
The yak gores you but does no damage.
You're too exhausted to draw out your power.
You feel sick. The yak gores you.
* * * LOW HITPOINT WARNING * * *
You feel sick.
You feel sick.
You feel sick.
You feel sick.
You feel sick. The black mamba bites you!
You die...

#.# #.## ##.###....# #.# ##..#
#......#..# #.#
#P.####..###...## #. #.#
##....#..####.##
#.##.#####.........##.# ..
#.##...............##.# ..#
#.##...###........<...# ...
#####..#.#####.#..........#
...
#..........S@.......).....###
.#.
#.#P#.#...Y...##.......P.###.
...##.###...##..P###.......#.#
## ........#.#.##.###
#########.# # .......>..#.P#.#
#.# # ......#.##..##.# #.# ##
..(..######.##.# #.# #. ......
#.##.# ###.#### ..##### #.##.#
###P#..###


You could see a black mamba and a yak.

Vanquished Creatures
  Nergalle (Lair:1)
  The ghost of Agrougrou the Cudgeler, a novice DsFi (D:6)
  A spiny frog (Lair:1)
  A hornet (D:8)
  Sigmund (D:6)
  7 yaks
  A porcupine (D:8)
  An orc warrior (D:6)
  2 phantoms (D:7)
  An ogre (D:6)
  2 bullfrogs (D:6)
  A scorpion (D:5)
  4 killer bees (D:7)
  3 howler monkeys
  2 wights (D:7)
  A crimson imp (D:6)
  2 orc priests (D:6)
  Crazy Yiuf (D:2)
  2 hounds
  2 centaur skeletons
  An iguana (D:4)
  4 orc wizards
  7 worker ants
  A hound zombie (D:6)
  3 gnolls (D:2)
  A howler monkey skeleton (D:6)
  4 adders
  3 oozes
  2 adder skeletons (D:5)
  2 worms (D:2)
  2 dart slugs
  A leopard gecko (D:4)
  17 orcs
  3 ball pythons
  6 giant cockroaches
  10 goblins
  5 hobgoblins (D:1)
  9 kobolds
  5 quokkas
  6 bats
  4 frilled lizards
  A quokka zombie (D:5)
  4 rats
  A fungus (D:8)
139 creatures vanquished.

Vanquished Creatures (others)
  A jelly (D:5)
  A hound skeleton (D:5)
  A fungus (Lair:1)
  A plant (D:4)
4 creatures vanquished.

Grand Total: 143 creatures vanquished

Notes
Turn   | Place    | Note
-------+----------+-------------------------------------------
     0 | D:1      | tof the Minotaur Monk began the quest for the Orb.
     0 | D:1      | Reached XP level 1. HP: 19/19 MP: 0/0
   233 | D:1      | Reached XP level 2. HP: 21/27 MP: 1/1
   938 | D:2      | Reached XP level 3. HP: 28/33 MP: 2/2
  1409 | D:2      | Reached XP level 4. HP: 40/40 MP: 3/3
  1436 | D:2      | Found a runed door.
  1745 | D:2      | Reached skill level 1 in Slings
  1793 | D:2      | Noticed Crazy Yiuf
  1800 | D:2      | Killed Crazy Yiuf
  1800 | D:2      | Reached skill level 1 in Armour
  1958 | D:3      | Reached XP level 5. HP: 34/47 MP: 4/4
  2734 | D:4      | Reached skill level 2 in Slings
  2860 | D:4      | Found Qaril's Weapon Boutique.
  2959 | D:4      | Reached skill level 3 in Slings
  3039 | D:4      | Bought 27 sling bullets for 148 gold pieces
  3112 | D:4      | Reached XP level 6. HP: 43/55 MP: 5/5
  3672 | D:4      | Found a sacrificial altar of Ru.
  3680 | D:4      | Reached skill level 5 in Fighting
  3686 | D:4      | Became a worshipper of Ru the Awakened
  3688 | D:4      | Gained mutation: You cannot study or use magical devices. [Ru sacrifice]
  3688 | D:4      | Reached * piety under Ru
  3688 | D:4      | Reached ** piety under Ru
  3688 | D:4      | Reached *** piety under Ru
  3803 | D:5      | Entered Level 5 of the Dungeon
  3823 | D:5      | Found a snail-covered altar of Cheibriados.
  3945 | D:5      | Found a bloodstained altar of Trog.
  3964 | D:5      | Reached skill level 4 in Slings
  4317 | D:5      | Reached skill level 5 in Maces & Flails
  4560 | D:5      | Found a staircase to the Ecumenical Temple.
  4636 | D:6      | Noticed Agrougrou's ghost (novice DsFi)
  4639 | D:6      | Reached XP level 7. HP: 55/61 MP: 6/6
  4899 | D:6      | Killed Agrougrou's ghost
  4899 | D:6      | Reached skill level 5 in Slings
  4899 | D:6      | Reached XP level 8. HP: 13/70 MP: 7/7
  5276 | D:6      | Noticed Sigmund
  5282 | D:6      | Killed Sigmund
  5282 | D:6      | Reached skill level 6 in Slings
  5353 | D:6      | Reached skill level 5 in Armour
  5441 | D:6      | Found Vesuywk's Jewellery Boutique.
  5925 | D:6      | Reached skill level 7 in Slings
  6334 | D:7      | Gained mutation: Your casting is slightly disrupted. [Ru sacrifice]
  6349 | D:7      | Reached XP level 9. HP: 79/79 MP: 8/8
  6513 | D:7      | Found a stormy altar of Qazlal.
  6823 | D:7      | Found an opulent altar of Gozag.
  7133 | D:8      | Found a staircase to the Lair.
  7210 | Lair:1   | Entered Level 1 of the Lair of Beasts
  7318 | Lair:1   | Noticed a spiny frog
  7321 | Lair:1   | Noticed Nergalle
  7376 | D:8      | Reached skill level 8 in Slings
  7578 | Lair:1   | Killed a spiny frog
  7900 | Lair:1   | Killed Nergalle
  7900 | Lair:1   | Reached skill level 9 in Slings
  7900 | Lair:1   | Reached skill level 5 in Dodging
  8172 | Lair:1   | Reached XP level 10. HP: 88/88 MP: 9/9
  8177 | Lair:1   | Noticed a black mamba
  8213 | Lair:1   | Slain by a black mamba

Skill      XL: |  1  2  3  4  5  6  7  8  9 |
---------------+----------------------------+-----
Maces & Flails | 4 5 7 8 |  8.1
Fighting       | 4 5 6 7 8 |  8.1
Stealth        | 2 |  2.9
Slings         | 1 3 4 5 7 9 |  9.0
Armour         | 1 2 3 4 5 8 |  8.2
Dodging        | 4 5 |  5.5

Action                   |  1- 3 |  4- 6 |  7- 9 | 10-12 || total
-------------------------+-------+-------+-------+-------++-------
Melee: Mace              |    63 |       |       |       ||    63
       Headbutt          |     7 |    22 |    58 |     6 ||    93
       Whip              |     1 |   103 |   171 |    27 ||   302
       Hunting sling     |       |     1 |       |       ||     1
       Morningstar       |       |       |     5 |       ||     5
 Fire: Hunting sling     |    27 |    60 |    85 |       ||   172
Invok: Sacrifice Artific |       |     1 |       |       ||     1
       Draw Out Power    |       |       |     1 |     1 ||     2
       Sacrifice Essence |       |       |     1 |       ||     1
  Use: Scroll            |       |     8 |     4 |       ||    12
 Stab: Sleeping          |     2 |     2 |       |       ||     4
       Distracted        |       |       |     1 |       ||     1
       Invisible         |       |       |       |     3 ||     3
  Eat: Chunk             |     2 |     9 |     5 |       ||    16
       Beef jerky        |       |       |     1 |       ||     1
       Bread ration      |       |       |     1 |       ||     1
       Pizza             |       |       |     1 |       ||     1
Armor: Robe              |     5 |       |       |       ||     5
       Ring mail         |    17 |     7 |       |       ||    24
       Scale mail        |       |    36 |    81 |    11 ||   128
Dodge: Dodged            |    46 |    55 |   114 |    12 ||   227
